 Dungeon Crawl Stone Soup version 0.31.0-12-g77e489cdc1 (webtiles) character file.

Game seed: 16674038434661868551

53 Silvore the Shield-Bearer (level 3, -1/33 HPs)
             Began as a Minotaur Fighter on Mar 4, 2024.
             Was an Initiate of Zin.
             Slain by a howler monkey (5 damage)
             ... on level 4 of the Dungeon.
             The game lasted 00:01:05 (913 turns).

Silvore the Shield-Bearer (Minotaur Fighter)         Turns: 913, Time: 00:01:06

Health: -1/33      AC:  8    Str: 22    XL:     3   Next: 62%
Magic:  2/2        EV:  9    Int:  5    God:    Zin [......]
Gold:   28         SH:  4    Dex:  9    Spells: 2/2 levels left

rFire   . . .        a - +0 flail
rCold   . . .        c - +0 buckler
rNeg    . . .        b - +0 scale mail
rPois   .            (helmet restricted)
rElec   .            (no cloak)
rCorr   .            (no gloves)
SInv    .            i - +0 pair of boots
Will    .....        (no amulet) Stlth
                     (no ring)
HPRegen 0.25/turn    (no ring)
MPRegen 0.08/turn

%: no passive effects
@: mighty, lethally poisoned (-1 -> -5)
A: horns 2, retaliatory headbutt
a: Renounce Religion, Donate Gold


You were on level 4 of the Dungeon.
You worshipped Zin.
Zin was noncommittal.
You visited 2 branches of the dungeon, and saw 4 of its levels.

You collected 31 gold pieces.
You donated 3 gold pieces to Zin.

Inventory:

Hand Weapons
 a - a +0 flail (weapon)
Armour
 b - a +0 scale mail (worn)
 c - a +0 buckler (worn)
 i - a +0 pair of boots (worn)
Jewellery
 f - a ring of positive energy
Scrolls
 g - 2 scrolls of teleportation
 h - 2 scrolls of summoning
 j - a scroll of enchant weapon {unknown}
 m - a scroll of poison {unknown}
Potions
 e - a potion of cancellation {unknown}
 k - a potion of brilliance {unknown}
 l - 2 potions of enlightenment {unknown}


   Skills:
 + Level 4.0 Fighting
 + Level 3.0 Maces & Flails
 + Level 4.2 Armour
 + Level 0.2 Dodging
 + Level 4.4 Shields


You had 2 spell levels left.
You didn't know any spells.
Your spell library contained the following spells:

 Spells                   Type           Power      Damage    Failure   Level
 Call Canine Familiar     Summ           0%         N/A       99%         3
 Hailstorm                Conj/Ice       0%         3d5       99%         3
 Sigil of Binding         Hex            0%         N/A       99%         3
 Summon Ice Beast         Ice/Summ       0%         N/A       99%         3
 Dimensional Bullseye     Hex/Tloc       0%         N/A       100%        4
 Sculpt Simulacrum        Ice/Alch       0%         N/A       100%        6


Dungeon Overview and Level Annotations

Branches:
Dungeon (4/15)             Temple (1/1) D:4

Altars:
Ashenzari
Dithmenos
Elyvilon
Fedhas
Qazlal
Sif Muna
Vehumet
Wu Jian
Yredelemnul
Zin
The Shining One


Innate Abilities, Weirdness & Mutations

You have a pair of horns on your head.
You reflexively headbutt those who attack you in melee.


Message History

The iguana bites you!
* * * LOW HITPOINT WARNING * * *
You closely miss the iguana.
The iguana is almost dead.
The iguana closely misses you.
You hit the iguana.
You kill the iguana!
Your Fighting skill increases to level 4!
Your Maces & Flails skill increases to level 3!
You have reached level 3!
Your experience leads to an increase in your attributes!
Increase (S)trength, (I)ntelligence, or (D)exterity?
You feel stronger. x2
A howler monkey comes into view.
The howler monkey howls!
An adder comes into view.
The adder hisses angrily.
You see here a book of the Senses.
You barely miss the howler monkey. You block the howler monkey's attack.
You hit the howler monkey.
The howler monkey is lightly wounded.
The howler monkey hoots and howls with incredible vigour!
The howler monkey barely misses you.
You hear an angry growl.
You hear an angry hiss.
You hear a shout! x2
You hear an angry hiss.
You hear a shout! x3
You open the door. The adder bites you.
* * * LOW HITPOINT WARNING * * *
You are poisoned.
The adder poisons you! The howler monkey hits you.
* * * LOW HITPOINT WARNING * * *
* * * LOW HITPOINT WARNING * * *
You feel sick. The adder attacks as it pursues you!
The adder bites you but does no damage. You block the howler monkey's attack.
The adder completely misses you. You furiously retaliate!
You headbutt the adder.
There is an open door here.
You feel very mighty all of a sudden.
* * * LOW HITPOINT WARNING * * *
You feel sick. The howler monkey hits you.
You die...

#..................
#...........#.......
###...........#.......
.....................
..................#
#...#...##.......# ...
#.⌠.#....#h......#
...###...###..@S......#
..............##......#
....⌠..>..⌠†..##......#
...............#......#
...###...###...#......#
.....#.⌠.#............#
.....#...#............#
.....................#
..................####


You could see a howler monkey and an adder.

Vanquished Creatures
  An iguana (D:4)
  An adder (D:4)
  A dart slug (D:1)
  2 bats (D:1)
  An endoplasm (D:1)
  3 giant cockroaches (D:1)
  5 goblins
  A kobold (D:1)
  A rat (D:1)
16 creatures vanquished.

Notes
Turn   | Place    | Note
-------+----------+-------------------------------------------
     0 | D:1      | Silvore the Minotaur Fighter began the quest for the Orb.
     0 | D:1      | Reached XP level 1. HP: 19/19 MP: 0/0
   321 | D:1      | Reached XP level 2. HP: 27/27 MP: 1/1
   738 | D:2      | You fall into a shaft and drop 2 floors!
   738 | D:4      | Found a staircase to the Ecumenical Temple.
   754 | Temple   | Entered the Ecumenical Temple
   802 | Temple   | Became a worshipper of Zin the Law-Giver
   902 | D:4      | Reached XP level 3. HP: 6/33 MP: 2/2
   913 | D:4      | Slain by a howler monkey

Illustrated notes

Levels and vault maps discovered:
D:1:      tarquinn_simple_flora_water_d, layout_loops_cross,
          hangedman_decor_points
D:2:      layout_basic, chequers_ecumenical_altar_island, grunt_decor_fettered,
          kennysheep_potato, uniq_jessica
D:4:      layout_basic, nicolae_uskayaw_dance_hall,
          minmay_temple_entry_junction_2, corexii_checkpoint, kennysheep_path_1,
          grunt_ministairs_11
Temple:   minmay_temple_curvy_loop

Skill      XL: |  1  2 |
---------------+-------+-----
Armour         | 4 |  4.2
Shields        | 4 |  4.4
Fighting       | 4 |  4.0
Maces & Flails | 3 |  3.0
Dodging        | |  0.2

Action                     || total
---------------------------++-------
  Melee: Flail             ||    33
         Headbutt          ||     2
    Use: Scroll            ||     4
         Potion            ||     1
 Armour: Scale mail        ||    19
  Dodge: Dodged            ||    23
  Block: Buckler           ||    10
